cohdb
Replays
Latest Replays
All Replays
Popular Replays
Top Player Replays
Match Explorer
How It Works
Community
CoH3 Stats
Reddit
Sign in to upload your games and track your stats! →
Sign in with Steam
Match 41638627
Unlisted
Match 41638627
Overview
Messages
Build Orders
End
Panzergrenadier Squad
Panzergrenadier Squad
250 Light Carrier
Construct Light Support Kompanie
Fire Support Elements
Assault Grenadier Squad
Veteran Squad Leaders
Flakvierling Half-track
Assault Mechanized Group
Combat Half-tracks
Panzerjäger Squad
Selects Panzerjäger Kommand Battlegroup
Selects Tank Busters
Selects Crew Shock Tactics
Selects Mine Fields
Selects Defensive Positions
Panzerjäger Mechanized Group
Construct Panzerarmee Kommand
Walking Stuka Rocket Launcher
Assault Mechanized Group
Selects Butterfly Bomb Drop
Panzer III L Medium Tank
Butterfly Bomb Drop
カルト_くん
J_Shizlet
Badass_Ben
Xo
0
0
Comments
sign in to comment!
No comments posted yet!